 Dungeon Crawl Stone Soup version 0.23-a0-642-g3120c2f (webtiles) character file.

171 MisterFreud the Slasher (level 5, -1/34 HPs)
             Began as an Octopode Gladiator on Dec 30, 2018.
             Slain by Sigmund
             ... wielding a +0 scythe
              (15 damage)
             ... on level 3 of the Dungeon.
             The game lasted 00:03:32 (2976 turns).

MisterFreud the Slasher (Octopode Gladiator)        Turns: 2976, Time: 00:03:32

Health: -1/34      AC:  1    Str: 13    XL:     5   Next: 51%
Magic:  5/5        EV: 14    Int: 12    God:
Gold:   76         SH:  0    Dex: 13    Spells: 4/4 levels left

rFire    . . .     SeeInvis .   a - +0 long sword
rCold    . . .     Gourm    .   (no shield)
rNeg     . . .     Faith    .   b - +0 hat
rPois    .         Spirit   .   (no amulet)
rElec    .         Reflect  .   e - ring of wizardry (curse)
rCorr    .         Harm     .   (no ring)
MR       .....                  (no ring)
Stlth    ++........             (no ring)
HPRegen  0.11/turn              (no ring)
MPRegen  0.09/turn              (no ring)
                                (no ring)
                                (no ring)

@: no status effects
A: almost no armour, stealthy swim, amphibious, 8 rings, constrict 8, camouflage
1, gelatinous body 1
a: no special abilities


You were on level 3 of the Dungeon.
You were hungry.

You visited 1 branch of the dungeon, and saw 3 of its levels.

You collected 76 gold pieces.

Inventory:

Hand Weapons
 a - a +0 long sword (weapon)
Missiles
 c - 3 throwing nets (quivered)
 g - 95 stones
 i - 12 tomahawks
 l - 20 sling bullets
 o - 16 bolts
Armour
 b - a +0 hat (worn)
 k - a +0 buckler
Jewellery
 e - a cursed ring of wizardry (left tentacle)
Wands
 m - a wand of iceblast (3)
Scrolls
 h - 3 scrolls of identify {unknown}
 j - 2 scrolls of teleportation {unknown}
 p - a scroll of magic mapping {unknown}
Potions
 f - a potion of curing {unknown}
 n - a potion of haste {unknown}
Comestibles
 d - 8 rations
 q - a chunk of flesh


   Skills:
 - Level 2.0 Fighting
 + Level 6.0 Long Blades
 - Level 2.0 Throwing
 - Level 3.0 Dodging


You had 4 spell levels left.
You didn't know any spells.
Your spell library was empty.

Dungeon Overview and Level Annotations

Branches:
Dungeon (3/15)

Altars:
Uskayaw

Annotations:
D:3 Sigmund


Innate Abilities, Weirdness & Mutations

You cannot wear most types of armour.
You are very stealthy in the water. (Stealth+)
You are amphibious.
You can wear up to eight rings at the same time.
You can use your tentacles to constrict eight enemies at once.
Your skin changes colour to match your surroundings (Stealth+).
Your rubbery body absorbs attacks. (AC +1, EV +1)


Message History

Sigmund the Dreaded comes into view.
He is wielding a +0 scythe and wearing a The goblin shouts!
Sigmund shouts!
You hit the goblin. You grab the goblin. You squeeze the goblin.
The goblin is severely wounded.
You constrict the goblin.
You kill the goblin!
You are feeling hungry.
Sigmund gestures wildly while chanting.
Sigmund flickers and vanishes!
Deactivating autopickup; reactivate with Ctrl-A.
You are confused.
You hear a shout!
An orc comes into view. It is wielding a +0 mace.
A puff of flame appears from out of thin air!
The puff of flame hits you! Something hits you!
You feel less confused. Something hits you!
You die...

#.##.# ............#
#. #....#
#.#####.....# #.
######. ####.#
#.....# #.
#.###....### #.....#
#.
##..#.......###.....#
#.
............'.......#
#. #.{o....###.....#
#.
#...............###.
#..@....#####....##.
#.......# ####.##.
#.......# #.##.
#.......# #.##.
######### #.##. #.##.
########## #..#.
#........# ##.#.
#.######.#####.#.


You could see an orc.

Vanquished Creatures
  Terence (D:3)
  4 gnolls (D:3)
  2 adders
  An ooze (D:1)
  A worm (D:2)
  2 dart slugs (D:2)
  4 leopard geckos
  2 orcs
  A ball python (D:2)
  6 giant cockroaches
  11 goblins
  8 hobgoblins
  2 jackals (D:3)
  2 quokkas
  3 bats
  6 frilled lizards
  9 kobolds
  8 rats
73 creatures vanquished.

Notes
Turn   | Place    | Note
-------+----------+-------------------------------------------
     0 | D:1      | MisterFreud the Octopode Gladiator began the quest for the
                  | Orb.
     0 | D:1      | Reached XP level 1. HP: 14/14 MP: 1/1
   103 | D:1      | Reached XP level 2. HP: 12/19 MP: 2/2
   321 | D:1      | Reached skill level 4 in Long Blades
   561 | D:1      | Reached XP level 3. HP: 23/24 MP: 3/3
  1284 | D:2      | Reached XP level 4. HP: 18/29 MP: 4/4
  1437 | D:2      | Found a hide-covered altar of Uskayaw.
  1437 | D:2      | Noticed a -3 dagger
  1437 | D:2      | Noticed a +0 hand axe
  1680 | D:2      | Reached skill level 5 in Long Blades
  1871 | D:3      | Reached XP level 5. HP: 4/34 MP: 5/5
  2212 | D:3      | Noticed Terence
  2232 | D:3      | Killed Terence
  2511 | D:3      | Reached skill level 6 in Long Blades
  2965 | D:3      | Noticed Sigmund
  2976 | D:3      | Slain by Sigmund

Vault maps used:
D:1:      minmay_arrival_hallway
D:2:      dancing_weapons_uskayaw, first_ration
D:3:      uniq_terence, uniq_sigmund

Skill      XL: |  1  2  3  4  5 |
---------------+----------------+-----
Long Blades    | 4 5 6 |  6.0
Fighting       | |  2.0
Throwing       | |  2.0
Dodging        | |  3.0

Action                   |  1- 3 |  4- 6 || total
-------------------------+-------+-------++-------
Melee: Long sword        |    58 |    66 ||   124
       Constrict         |    21 |    19 ||    40
       Tentacles         |    13 |    11 ||    24
 Stab: Sleeping          |     8 |    10 ||    18
  Eat: Chunk             |     1 |     5 ||     6
Armor: Skin              |     1 |     5 ||     6
Dodge: Dodged            |    34 |    21 ||    55
       Rpst.: Long sword |    11 |     7 ||    18

Table legend:
 A = Non-vault XP
 B = Vault XP
 C = Vault XP percentage of total XP
 D = Non-vault monster count
 E = Vault monster count
 F = Vault count percentage of total count
                 A         B        C        D         E       F
            +---------+---------+-------+---------+---------+-------
      Total |     209 |      36 |  14.7 |      72 |       1 |   1.4
            +---------+---------+-------+---------+---------+-------
        D:1 |      42 |       0 |   0.0 |      23 |       0 |   0.0
        D:2 |      63 |       0 |   0.0 |      27 |       0 |   0.0
        D:3 |     104 |      36 |  25.7 |      22 |       1 |   4.3
            +---------+---------+-------+---------+---------+-------
